 Dungeon Crawl Stone Soup version 0.26.0-10-g1f06aea511 (webtiles) character file.

Game seed: 2937771984182065652

33 EnegeticOcto the Insei (level 3, 0/21 HPs)
             Began as a Kobold Transmuter on Jan 14, 2021.
             Slain by a worm (11 damage)
             ... on level 2 of the Dungeon.
             The game lasted 00:03:00 (1185 turns).

EnegeticOcto the Insei (Kobold Transmuter)          Turns: 1185, Time: 00:03:01

Health: 0/21       AC:  3    Str:  8    XL:     3   Next: 47%
Magic:  5/6        EV: 14    Int: 14    God:
Gold:   86         SH:  4    Dex: 15    Spells: 5/6 levels left

rFire    . . .     SeeInvis .   e - +0 short sword
rCold    . . .     Faith    .   d - +0 buckler
rNeg     . . .     Spirit   .   a - +0 robe
rPois    .         Reflect  .   (helmet currently unavailable)
rElec    .         Harm     .   f - +0 cloak
rCorr    .         Rampage  .   (no gloves)
Will     .....                  (boots currently unavailable)
Stlth    +++.......             (no amulet)
HPRegen  0.07/turn              (no ring)
MPRegen  0.10/turn              (no ring)

@: appendages (expiring)
A: small, horns 2, talons 2, nightstalker 3
a: End Transformation


You were on level 2 of the Dungeon.
You had grown temporary horns.
You had grown temporary talons.
You visited 1 branch of the dungeon, and saw 2 of its levels.

You collected 86 gold pieces.

Inventory:

Hand Weapons
 e - a +0 short sword (weapon)
   (You took it off a hobgoblin on level 1 of the Dungeon)
Missiles
 n - a throwing net {!f}
Armour
 a - a +0 robe (worn)
 d - a +0 buckler (worn)
   (You found it on level 1 of the Dungeon)
 f - a +0 cloak (worn)
   (You found it on level 1 of the Dungeon)
 g - a cursed +0 ring mail
   (You found it on level 1 of the Dungeon)
Jewellery
 l - an uncursed ring of willpower {unknown}
   (You found it on level 1 of the Dungeon)
Scrolls
 h - a scroll of teleportation {unknown}
 k - a scroll of amnesia
 o - a scroll of magic mapping {@r5 !r}
 p - a scroll of enchant weapon {unknown}
 q - a scroll of random uselessness {unknown}
Potions
 b - a potion of curing {@q1 !q}
 i - a potion of brilliance
 j - 3 potions of haste {@q4 !q}
 m - a potion of berserk rage {unknown}


   Skills:
 + Level 1.9 Fighting
 + Level 1.4 Short Blades
 - Level 2.4 Dodging
 - Level 3.0 Stealth
 - Level 3.0 Unarmed Combat
 - Level 2.1 Spellcasting
 - Level 2.0 Transmutations


You had 5 spell levels left.
You knew the following spells:

 Your Spells              Type           Power        Failure   Level
a - Beastly Appendage     Tmut           14%          17%         1

Your spell library contained the following spells:

 Spells                   Type           Power        Failure   Level
 Wereblood                Tmut           7%           26%         2
 Spider Form              Tmut/Pois      2%           61%         3
 Ice Form                 Ice/Tmut       4%           95%         4
 Blade Hands              Tmut           3%           99%         5


Dungeon Overview and Level Annotations

Branches:
Dungeon (2/15)

Altars:


Innate Abilities, Weirdness & Mutations

You are small and have problems with some larger weapons.
You are completely attuned to the shadows.
You have a pair of horns on your head.
You have razor-sharp toenails.


Message History

i - a potion of brilliance
As you read the scroll of identify {@r1}, it crumbles to dust.
j - a potion of haste No previous command to re-do.
Unknown command.
As you read the scroll labelled ASTRUA COJIOLUO, it crumbles to dust.
It is a scroll of amnesia.
Really abort (and waste the scroll)?
Okay, then.
As you read the scroll labelled DACVOA SEUVI, it crumbles to dust.
You feel momentarily disoriented.
It was a scroll of magic mapping.
Okay, then.
(D) Dungeon
Where to? (Enter - D:1 @ (x,y), ? - help)
There is a stone staircase leading down here.
You climb downwards.
There is a stone staircase leading up here.
Found a falchion.
You now have 51 gold pieces (gained 12).
You now have 62 gold pieces (gained 11).
You now have 77 gold pieces (gained 15).
A goblin comes into view. It is wielding a +0 dagger.
The goblin shouts!
The goblin hits you with a +0 dagger.
You barely miss the goblin. You block the goblin's attack.
You hit the goblin.
The goblin is severely wounded.
The goblin hits you but does no damage.
You barely miss the goblin.
The goblin is severely wounded.
The goblin barely misses you.
You barely miss the goblin.
The goblin is severely wounded.
The goblin misses you.
You hit the goblin but do no damage.
The goblin is severely wounded.
The goblin closely misses you.
You hit the goblin.
You kill the goblin!
No target in view!
No target in view!
No target in view!
No target in view!
HP restored.
Things that are here:
a +0 dagger; a goblin corpse
Found a stone staircase leading up.
A goblin comes into view. It is wielding a +0 club.
The goblin shouts!
Found 2 potions of haste.
The goblin closely misses you.
You hit the goblin.
The goblin is severely wounded.
The goblin closely misses you.
You hit the goblin.
You kill the goblin!
No target in view!
No target in view!
No target in view!
No target in view!
j - 3 potions of haste {@q4 !q} (gained 2)
A worm comes into view.
You see here 9 gold pieces.
A worm is nearby!
You now have 86 gold pieces (gained 9).
Casting: Beastly Appendage (safe; 17% risk of failure)
Confirm with . or Enter, or press ? or * to list all spells.
You grow a pair of large bovine horns.
Your feet morph into talons.
You barely miss the worm. You claw the worm, but do no damage.
You hit the worm but do no damage. The worm barely misses you.
You hit the worm but do no damage. You headbutt the worm!
The worm is heavily wounded.
The worm completely misses you.
You hit the worm. You claw the worm. You headbutt the worm.
The worm is almost dead.
Your transformation is almost over.
You hit the worm.
You kill the worm!
Magic restored.
A worm comes into view.
A worm is nearby!
Casting: Beastly Appendage (safe; 17% risk of failure)
Confirm with . or Enter, or press ? or * to list all spells.
You extend your transformation's duration.
Found 8 gold pieces.
The helpless worm fails to defend itself.
You puncture the worm!
You headbutt the worm, but do no damage.
The worm is heavily wounded.
You barely miss the worm. Your kick misses the worm.
The worm is heavily wounded.
The worm bites you!
You are too injured to fight recklessly!
You are too injured to fight recklessly!
You hit the worm.
The worm is heavily wounded.
Your transformation is almost over.
The worm bites you!
Ouch! That really hurt!
You die...

##..##...#.....# #
#....###.##....# #
#..##..##.......# #
... ##..####...####
.# ##..####.....# ##
##..###..##.# ##. ##
.##..##...#.#
#.w#$##..##..##...)#
.##.@##..##..##......
..##....##..##..#####
#..##..##..##<.#
#....##..##
##..##..## ##....##
##..## ....## #..##


You could see a worm.

Vanquished Creatures
  A worm (D:2)
  A dart slug (D:1)
  A leopard gecko (D:1)
  2 bats (D:1)
  3 giant cockroaches (D:1)
  3 goblins
  3 hobgoblins (D:1)
  7 frilled lizards (D:1)
  3 kobolds (D:1)
  4 rats (D:1)
28 creatures vanquished.

Notes
Turn   | Place    | Note
-------+----------+-------------------------------------------
     0 | D:1      | EnegeticOcto the Kobold Transmuter began the quest for the
                  | Orb.
     0 | D:1      | Reached XP level 1. HP: 12/12 MP: 3/3
    79 | D:1      | Reached skill level 1 in Stealth
   153 | D:1      | Reached skill level 2 in Stealth
   156 | D:1      | Reached XP level 2. HP: 16/16 MP: 3/5
   335 | D:1      | Reached skill level 3 in Stealth
   540 | D:1      | Reached XP level 3. HP: 18/20 MP: 6/6
   611 | D:1      | Reached skill level 1 in Short Blades
  1185 | D:2      | Slain by a worm

Illustrated notes

Levels and vault maps discovered:
D:1:      dpeg_arrival_simpleton_b, layout_loops_ring, serial_bayou_pond_b,
          grunt_decor_cap, minmay_misc_feat_chi
D:2:      minmay_alternating_diamond, layout_basic, overflow_temple_1_default

Skill      XL: |  1  2  3 |
---------------+----------+-----
Stealth        | 2 3 |  3.0
Short Blades   | 1 |  1.4
Fighting       | |  1.9
Dodging        | |  2.4
Unarmed Combat | |  3.0
Spellcasting   | |  2.1
Transmutations | |  2.0

Action                   || total
-------------------------++-------
Melee: Unarmed           ||    40
       Kick              ||     8
       Headbutt          ||     6
       Short sword       ||    44
 Cast: Beastly Appendage ||    10
  Use: Scroll            ||     5
 Stab: Sleeping          ||    11
Armor: Robe              ||    12
Dodge: Dodged            ||    43
Block: Buckler           ||    15
